Map: Dusk Towers

Players

LilDicky

  • Race: Terran Terran
  • League: Diamond

rgnTraumist - Winner!

  • Race: Protoss Protoss
  • League: Platinum

VOD

http://www.twitch.tv/tumescentpie

Description

Time

  • Played on: Dec. 2, 2015, 11:32 a.m.
  • Length: 10:02
Show
View Real Time Build Order
Export as new Build Order

LilDicky Terran 

Build Orders: MMM Bio 

Get SALT Encoding   

  12  0:01  SCV  
  13  0:14  SCV  
  14  0:18  Supply Depot  
  14  0:26  SCV  
  15  0:33  Refinery  
  15  0:39  SCV  
  16  0:45  Barracks  
  16  0:51  SCV  
  17  1:08  SCV  
  18  1:22  SCV  
  19  1:34  Orbital Command  
  19  1:35  Marine  
  19  1:38  Supply Depot  
  20  1:41  Factory  
  20  1:59  Marine  
  21  2:05  SCV, Barracks  
  22  2:09  Barracks  
  22  2:18  Refinery  
  22  2:19  Barracks Reactor  
  22  2:22  SCV  
  23  2:34  SCV  
  24  2:38  Widow Mine  
  26  2:46  SCV  
  27  2:54  Barracks Tech Lab  
  27  2:56  Marine x2  
  27  2:57  Barracks Tech Lab  
  29  3:02  Supply Depot  
  29  3:08  Widow Mine  
  31  3:18  Stimpack, Marine  
  31  3:19  Combat Shields, Marine  
  30  3:20  Marine  
  30  3:23  Marine  
  32  3:29  Supply Depot  
  32  3:36  Marine  
  33  3:52  Marine x2  
  33  3:53  Marauder  
  37  3:59  Starport, Marine  
  37  4:02  SCV  
  39  4:15  Marauder x2  
  41  4:35  Medivac  
  41  4:36  Marauder  
  41  4:37  Supply Depot, Marauder  
  47  4:48  Concussive Shells  
  47  4:58  Marine x3  
  47  4:59  Marauder  
  52  5:00  Widow Mine  
  52  5:02  Supply Depot  
  54  5:11  SCV  
  55  5:16  Supply Depot  
  55  5:23  Medivac, Marine x2  
  55  5:24  Marauder  
  45  6:07  Marine  
  45  6:08  Marine x2  
  45  6:09  Marauder  
  46  6:12  Widow Mine  
  47  6:25  Marine  
  47  6:26  Marine  
  47  6:32  Marauder, Marine  
  46  6:37  Supply Depot, Medivac  
  46  6:43  Marine  
  46  6:44  Marine  
  46  6:48  Widow Mine  
  46  6:49  Marine  
  46  6:53  Marine  
  50  7:01  Marine x2  
  50  7:04  Command Center, Supply Depot  
  50  7:07  Marine  
  53  7:12  Marauder  
  44  7:35  Marine x2  
  44  7:36  Medivac, Marauder  
  50  7:37  Supply Depot  
  48  7:50  Marine  
  44  7:53  Marine x2  
  46  8:05  Marine  
  41  8:08  Marine  
  41  8:11  Marine x2  
  43  8:23  Marine  
  43  8:25  SCV  
  43  8:26  Orbital Command, Marine  
  46  8:56  SCV, Marine  
  46  8:57  Marine  
  49  9:06  Marine x2  
  51  9:10  Supply Depot  
  51  9:12  SCV  
  51  9:14  Marine  
Show
View Real Time Build Order
Export as new Build Order

rgnTraumist Protoss - Winner!

Build Orders:  

Get SALT Encoding   

  12  0:01  Probe (Chrono Boost)  
  13  0:11  Probe (Chrono Boost)  
  14  0:18  Pylon  
  14  0:22  Probe (Chrono Boost)  
  15  0:36  Probe (Chrono Boost)  
  15  0:38  Gateway  
  16  0:46  Probe (Chrono Boost)  
  17  0:51  Assimilator  
  18  0:57  Probe (Chrono Boost)  
  18  1:07  Probe (Chrono Boost)  
  19  1:14  Pylon  
  20  1:18  Probe (Chrono Boost)  
  20  1:23  Assimilator  
  20  1:25  Cybernetics Core  
  20  1:29  Probe (Chrono Boost)  
  21  1:39  Probe (Chrono Boost)  
  22  1:50  Probe (Chrono Boost)  
  23  2:00  Probe (Chrono Boost)  
  23  2:05  Nexus  
  23  2:08  Warp Gate  
  23  2:12  Probe (Chrono Boost)  
  24  2:23  Mothership Core (Chrono Boost)  
  26  2:34  Pylon  
  26  2:38  Adept  
  26  2:42  Probe (Chrono Boost)  
  29  3:01  Probe (Chrono Boost)  
  29  3:05  Stalker  
  32  3:06  Robotics Facility  
  32  3:31  Pylon  
  32  3:35  Stalker (Chrono Boost)  
  34  3:48  Probe x2 (Chrono Boost)  
  34  3:53  Pylon  
  34  4:00  Observer (Chrono Boost)  
  35  4:10  Stalker  
  35  4:17  Probe  
  35  4:18  Probe  
  37  4:27  Twilight Council  
  37  4:30  Gateway  
  37  4:31  Gateway  
  37  4:34  Gateway  
  37  4:37  Probe  
  37  4:38  Probe, Robotics Bay  
  39  4:56  Stalker  
  41  5:12  Forge  
  41  5:14  Forge  
  41  5:21  Sentry  
  41  5:26  Immortal (Chrono Boost)  
  47  5:32  Sentry  
  47  5:33  Sentry  
  51  5:45  Stalker x2  
  49  5:57  Zealot x2  
  39  6:14  Stalker x2  
  39  6:28  Immortal (Chrono Boost)  
  39  6:29  Stalker  
  41  6:38  Stalker  
  43  6:49  Stalker  
  43  6:52  Zealot  
  47  6:55  Pylon  
  47  6:56  Pylon  
  47  7:02  Pylon  
  47  7:12  Immortal (Chrono Boost)  
  51  7:16  Stalker  
  51  7:26  Stalker  
  51  7:27  Zealot x2  
  57  7:30  Pylon  
  57  7:41  Zealot  
  59  7:49  Gateway  
  59  7:50  Gateway  
  51  7:59  Stalker x3  
  54  8:05  Assimilator  
  54  8:09  Probe  
  54  8:11  Probe  
  56  8:18  Zealot  
  58  8:33  Stalker  
  60  8:39  Probe  
  60  8:40  Probe  
  62  8:51  Probe  
  62  8:53  Probe  
  64  8:57  Assimilator  
  64  8:59  Stalker  
  66  9:13  Probe  
  66  9:15  Probe  
  68  9:27  Disruptor (Chrono Boost)  
  57  9:45  Stalker x2  
  57  9:46  Stalker x2  
Tags
 
Add a new tag
Caveats
  • Supply blocks, unpowered buildings, or Contaminate may cause inaccurate times.
  • Supply counts are checked every 10 seconds.